 Dungeon Crawl Stone Soup version 0.21.1-1-g345015f (webtiles) character file.

152 suicidejoker the Shooter (level 5, -7/36 HPs)
             Began as an Octopode Hunter on Apr 19, 2018.
             Mangled by an ogre
             ... wielding a +0 giant club
              (26 damage)
             ... on level 4 of the Dungeon on Apr 20, 2018.
             The game lasted 00:08:23 (2681 turns).

suicidejoker the Shooter (Octopode Hunter)          Turns: 2681, Time: 00:08:23

Health: -7/36      AC:  1    Str: 13    XL:     5   Next: 34%
Magic:  14/14      EV: 14    Int: 13    God:
Gold:   178        SH:  0    Dex: 12    Spells: 4/4 levels left

rFire    . . .     SeeInvis .   b - +0 short sword
rCold    . . .     Gourm    .   (no shield)
rNeg     . . .     Faith    .   (helmet restricted)
rPois    .         Spirit   .   (no amulet)
rElec    .         Reflect  .   m - ring of magical power
rCorr    .         Harm     .   (no ring)
MR       .....                  (no ring)
Stlth    +++.......             (no ring)
HPRegen  0.12/turn              (no ring)
MPRegen  0.14/turn              (no ring)
                                (no ring)
                                (no ring)

@: no status effects
A: almost no armour, stealthy swim, amphibious, 8 rings, constrict 8, camouflage
1, gelatinous body 1
a: no special abilities


You were on level 4 of the Dungeon.
You were very hungry.

You visited 1 branch of the dungeon, and saw 4 of its levels.

You collected 178 gold pieces.

Inventory:

Hand Weapons
 a - a +1 shortbow
 b - a +0 short sword (weapon)
 e - a cursed +0 hunting sling
Missiles
 c - 40 arrows
 o - 16 poisoned needles
Jewellery
 m - a ring of magical power (left tentacle)
Scrolls
 h - 2 scrolls of fog {unknown}
 i - 4 scrolls of identify
 k - a scroll of remove curse {unknown}
 l - a scroll of fear {unknown}
 q - 2 scrolls of amnesia {unknown}
 r - a scroll of teleportation {unknown}
Potions
 f - a potion of lignification
 g - 2 potions of curing {unknown}
 j - a potion of flight {unknown}
 n - a potion of berserk rage {unknown}
Books
 p - a book of Necromancy

   Spells                             Type                      Level
   a - Pain                           Necromancy                   1
   b - Animate Skeleton               Necromancy                   1
   c - Vampiric Draining              Necromancy                   3
   d - Regeneration                   Charms/Necromancy            3
   e - Animate Dead                   Necromancy                   4
   f - Borgnjor's Vile Clutch         Necromancy/Earth             5
Comestibles
 d - 2 rations


   Skills:
 + Level 2.9 Fighting
 * Level 5.1 Bows
 + Level 3.0 Dodging
 + Level 3.4 Stealth


You had 4 spell levels left.
You didn't know any spells.

Dungeon Overview and Level Annotations

Branches:
Dungeon (4/15)
 Temple: D:4-7

Altars:
Elyvilon
Fedhas
Gozag
Nemelex Xobeh
Yredelemnul

Annotations:
D:3 2 transporters
D:4 Silentouch's ghost, novice DDHu


Innate Abilities, Weirdness & Mutations

You cannot wear most types of armour.
You are very stealthy in the water. (Stealth+)
You are amphibious.
You can wear up to eight rings at the same time.
You can use your tentacles to constrict eight enemies at once.
Your skin changes colour to match your surroundings (Stealth+).
Your rubbery body absorbs attacks. (AC +1, EV +1)


Message History

Firing (i - inventory):
c - 41 arrows (quivered)
Press: ? - help, Shift-Dir - straight line, f/p - ogre
Aim: an ogre, wielding a giant club (moderately wounded)
You shoot an arrow. The arrow hits the ogre!
The ogre is heavily wounded.
b - a +0 short sword (weapon)
You hit the ogre.
The ogre is heavily wounded.
The ogre barely misses you.
You hit the ogre.
The ogre is severely wounded.
The ogre hits you with a giant club!
You barely miss the ogre.
The ogre is severely wounded.
The ogre barely misses you.
You hit the ogre.
The ogre is severely wounded.
The ogre hits you with a giant club!!
Ouch! That really hurt!
You die...

.. .. ( . #. >.
( .. .$.#<#.
..(#.#####
#.#.(.#...
##....(#.######
.......O......#
##.....#@####.#
#.....#.# #.#
#.#.###.# #.# #
#. #.# #.# #
###.####.#
..#...##.#
#.###.##.# #
##.##...#.#
#.##.........#


You could see an ogre.

Vanquished Creatures
  4 gnolls
  6 adders
  An ooze (D:1)
  2 worms (D:2)
  A dart slug (D:3)
  A leopard gecko (D:3)
  A ball python (D:2)
  5 giant cockroaches
  3 goblins
  5 hobgoblins
  6 kobolds
  A quokka (D:3)
  5 bats
  4 frilled lizards
  6 rats
51 creatures vanquished.

Notes
Turn   | Place    | Note
-------+----------+-------------------------------------------
     0 | D:1      | suicidejoker the Octopode Hunter began the quest for the Orb.
     0 | D:1      | Reached XP level 1. HP: 14/14 MP: 1/1
   157 | D:1      | Reached XP level 2. HP: 19/19 MP: 2/2
   431 | D:1      | Reached XP level 3. HP: 9/24 MP: 3/3
   862 | D:2      | Found an opulent altar of Gozag.
  1183 | D:2      | Found a basalt altar of Yredelemnul.
  1279 | D:2      | Reached XP level 4. HP: 29/30 MP: 4/4
  1658 | D:3      | Found a blossoming altar of Fedhas.
  1658 | D:3      | Noticed a sky beast
  1660 | D:3      | Found a transporter.
  1660 | D:3      | Noticed an ice beast
  1713 | D:3      | Found a sparkling altar of Nemelex Xobeh.
  1839 | D:3      | Found a transporter.
  1916 | D:3      | Reached skill level 5 in Bows
  1916 | D:3      | Reached XP level 5. HP: 14/35 MP: 5/5
  2360 | D:3      | Found an opulent altar of Gozag.
  2360 | D:3      | Found a sparkling altar of Nemelex Xobeh.
  2394 | D:3      | Found a white marble altar of Elyvilon.
  2636 | D:4      | Noticed Silentouch's ghost (novice DDHu)
  2669 | D:4      | Noticed an ogre
  2681 | D:4      | Mangled by an ogre

Skill      XL: |  1  2  3  4  5 |
---------------+----------------+-----
Stealth        | 2 3 |  3.4
Bows           | 5 |  5.1
Dodging        | 3 |  3.0
Fighting       | |  2.9

Action                   |  1- 3 |  4- 6 || total
-------------------------+-------+-------++-------
Melee: Unarmed           |     1 |       ||     1
       Short sword       |       |     9 ||     9
       Constrict         |       |     2 ||     2
       Tentacles         |       |     3 ||     3
 Fire: Shortbow          |    77 |    55 ||   132
  Use: Potion            |     1 |       ||     1
       Scroll            |       |     1 ||     1
  Eat: Chunk             |       |     4 ||     4
Armor: Skin              |     3 |     1 ||     4
Dodge: Dodged            |     2 |    16 ||    18
